 Dungeon Crawl Stone Soup version 0.18-a0-1308-g45b86c9 (webtiles) character file.

103 Reinor the Ducker (level 4, -4/24 HPs)
             Began as a Spriggan Abyssal Knight on Feb 13, 2016.
             Was a Believer of Lugonu.
             Slain by a gnoll
             ... wielding a +0 whip
              (7 damage)
             ... on level 3 of the Dungeon.
             The game lasted 00:08:49 (2359 turns).

Reinor the Ducker (Spriggan Abyssal Knight)         Turns: 2359, Time: 00:08:50

Health: -4/24      AC:  3    Str:  8    XL:     4   Next: 51%
Magic:  6/6        EV: 19    Int: 14    God:    Lugonu [**....]
Gold:   182        SH:  3    Dex: 15    Spells: 0 memorised, 3 levels left

rFire  + . .     SeeInvis +     d - +2 dagger (holy)
rCold  . . .     Gourm    .     b - +1 robe
rNeg   + . .     Faith    .     (shield restricted)
rPois  .         Spirit   .     (helmet restricted)
rElec  .         Dismiss  .     (no cloak)
rCorr  .         Reflect  +     (gloves unavailable)
SustAt .         Harm     .     (boots unavailable)
MR     .....                    n - +3 amulet of reflection
Stlth  +++.......               o - ring of positive energy
                                z - ring of protection from fire

@: very quick, not resistant to hostile enchantments, fairly stealthy
A: unfitting armour, talons 1, see invisible, herbivore 3, speed 3, slow
metabolism 2
a: Depart the Abyss, Bend Space, Renounce Religion


You were on level 3 of the Dungeon.
You worshipped Lugonu.
Lugonu was pleased with you.
You were not hungry.

You visited 1 branch of the dungeon, and saw 3 of its levels.
You visited the Abyss 1 time.

You collected 182 gold pieces.

Inventory:

Hand Weapons
 d - a +2 dagger of holy wrath (weapon)
 p - a +0 short sword of venom
Missiles
 a - 18 poisoned needles
 w - 22 arrows
Armour
 b - a +1 robe (worn)
Jewellery
 n - a +3 amulet of reflection (around neck)
 o - a ring of positive energy (right hand)
 s - an uncursed amulet of rage
 y - an uncursed amulet of dismissal {unknown}
 z - a ring of protection from fire (left hand)
Wands
 A - a wand of disintegration (8/24)
Scrolls
 f - a scroll of teleportation
 g - a scroll of blinking {unknown}
 i - a scroll of immolation {unknown}
 j - a scroll of random uselessness
 l - a scroll of enchant armour
 q - a scroll of remove curse
 v - a scroll of magic mapping
Potions
 e - 2 potions of brilliance
 k - 4 potions of might {unknown}
 m - 2 potions of curing
 r - a potion of cure mutation {unknown}
 t - a potion of agility {unknown}
 u - 2 potions of flight
 x - a potion of haste {unknown}
Comestibles
 c - 2 bread rations
 h - 4 fruits


   Skills:
 - Level 3.0 Fighting
 + Level 3.6 Short Blades
 - Level 4.1 Dodging
 + Level 3.1 Stealth
 - Level 1.8 Invocations


You had 3 spell levels left.
You didn't know any spells.

Dungeon Overview and Level Annotations

Branches:
Dungeon (3/15)

Altars:
Fedhas
Qazlal


Innate Abilities, Weirdness & Mutations

You are tiny and cannot use many weapons and most armour.
You have supernaturally acute eyesight.
You are an herbivore.
You cover ground extremely quickly.
You need consume almost no food.
You have sharp toenails.


Message History

The gnoll is severely wounded.
You hit the gnoll. You claw the gnoll, but do no damage.
The gnoll is almost dead.
The gnoll hits you with a flail!
Ouch! That really hurt!
* * * LOW HITPOINT WARNING * * *
You are too injured to fight recklessly!
You are too injured to fight recklessly!
You are too injured to fight recklessly!
You start resting.
You start resting.
You closely miss the gnoll. The gnoll hits you with a whip!
* * * LOW HITPOINT WARNING * * *
You are too injured to fight recklessly!
You are too injured to fight recklessly!
You completely miss the gnoll. The gnoll hits you but does no damage.
You hit the gnoll. You claw the gnoll, but do no damage.
The gnoll is lightly wounded.
The gnoll hits you with a whip!
You die...

#.........#
#.#######.# #####
#.##......####.g..
#.##.####......###
#.##.# #.####.#
#.##.# #.# #..#
#.##.####.###..#
#.##...........###
#@##.####.#.......
#g##.# #.#.#.###.
#.##.####.#.#.....
#.........#.######
#......####.#
#.##.#.# #.# #
#.##.#.# #.# ###
#.##.#.## #.# ##.#
##.##....###.###.#.


You could see a gnoll.

Vanquished Creatures
  5 adders
  2 worms
  5 giant geckos
  A ball python (D:3)
  3 giant cockroaches
  5 goblins
  5 hobgoblins
  6 jackals
  5 bats
  A giant newt (D:2)
  5 kobolds
  4 rats
47 creatures vanquished.

Notes
Turn   | Place    | Note
--------------------------------------------------------------
     0 | Abyss:1  | Reinor the Spriggan Abyssal Knight began the quest for the Orb.
     0 | Abyss:1  | Reached XP level 1. HP: 11/11 MP: 3/3
     2 | Abyss:1  | Found a corrupted altar of Lugonu.
    49 | Abyss:2  | Found a corrupted altar of Lugonu.
   122 | Abyss:2  | Noticed an orange demon
   126 | Abyss:2  | Noticed an ancient zyme
   128 | Abyss:2  | Noticed a wretched star
   166 | Abyss:2  | Noticed a chaos spawn
   171 | Abyss:2  | Noticed a large abomination
   175 | D:1      | Escaped the Abyss
   283 | D:1      | Gained mutation: You have sharp toenails. [potion of beneficial mutation]
   404 | D:1      | Reached XP level 2. HP: 16/16 MP: 3/3
   619 | D:1      | Reached skill level 4 in Dodging
  1086 | D:2      | Reached ** piety under Lugonu
  1155 | D:2      | Reached XP level 3. HP: 16/20 MP: 4/4
  1241 | D:2      | Found a blossoming altar of Fedhas.
  1246 | D:2      | Found a stormy altar of Qazlal.
  1393 | D:2      | Reached skill level 1 in Stealth
  1617 | D:3      | Reached XP level 4. HP: 24/24 MP: 5/5
  2359 | D:3      | Slain by a gnoll

Vault maps used:
D:1:      lemuel_arrival_funnel
D:2:      grunt_temple_overflow_forces_of_nature, hangedman_decor_peaks_small
D:3:      uniq_iyjb

Action                   |  1- 3 |  4- 6 || total
-------------------------+-------+-------++-------
Melee: Dagger            |   178 |    61 ||   239
  Use: Scroll            |     8 |     2 ||    10
       Potion            |     1 |       ||     1
 Stab: Sleeping          |     2 |       ||     2
